 Dungeon Crawl Stone Soup version 0.21.1-1-g345015f (webtiles) character file.

12 letownia2 the Conjurer (level 2, -1/15 HPs)
             Began as a Tengu Wizard on Mar 3, 2018.
             Slain by a black bear (3 damage)
             ... on level 6 of the Dungeon.
             The game lasted 00:02:19 (254 turns).

letownia2 the Conjurer (Tengu Wizard)                Turns: 254, Time: 00:02:20

Health: -1/15      AC:  2    Str:  7    XL:     2   Next: 33%
Magic:  2/7        EV: 12    Int: 18    God:
Gold:   47         SH:  0    Dex: 12    Spells: 4/7 levels left

rFire    . . .     SeeInvis .   a - +0 dagger
rCold    . . .     Gourm    .   (no shield)
rNeg     . . .     Faith    .   k - +0 robe
rPois    .         Spirit   .   b - +0 hat
rElec    .         Reflect  .   (no cloak)
rCorr    .         Harm     .   (no gloves)
MR       .....                  (boots unavailable)
Stlth    ++........             (no amulet)
HPRegen  0.05/turn              (no ring)
MPRegen  0.10/turn              (no ring)

@: no status effects
A: beak, talons 3
a: no special abilities


You were on level 6 of the Dungeon.
You were not hungry.

You visited 1 branch of the dungeon, and saw 4 of its levels.

You collected 47 gold pieces.

Inventory:

Hand Weapons
 a - a +0 dagger (weapon)
Armour
 b - a +0 hat (worn)
 f - a +0 buckler
 k - a +0 robe (worn)
Jewellery
 i - an uncursed amulet of guardian spirit
Scrolls
 e - 3 scrolls of enchant armour {unknown}
 g - a scroll of teleportation {unknown}
 j - a scroll of random uselessness {unknown}
 l - a scroll of identify {unknown}
 m - a scroll of fog {unknown}
Potions
 h - a potion of might {unknown}
Books
 c - a book of Minor Magic

   Spells                             Type                      Level
   a - Magic Dart                     Conjuration                  1
   b - Blink                          Translocation                2
   c - Call Imp                       Summoning                    2
   d - Slow                           Hexes                        2
   e - Conjure Flame                  Conjuration/Fire             3
   f - Mephitic Cloud                 Conjuration/Poison/Air       3
Comestibles
 d - 4 rations


   Skills:
 - Level 2.1 Dodging
 - Level 2.0 Stealth
 - Level 3.0 Spellcasting
 + Level 3.1 Conjurations
 - Level 1.2 Summonings
   Level 0.7 Translocations


You had 4 spell levels left.
You knew the following spells:

 Your Spells              Type           Power        Failure   Level  Hunger
a - Magic Dart            Conj           ##..         4%          1    None
i - Call Imp              Summ           #.......     16%         2    ##.....


Dungeon Overview and Level Annotations

Branches:
Dungeon (3/15)

Altars:
Okawaru


Innate Abilities, Weirdness & Mutations

You have a beak for a mouth.
You have claws for feet.


Message History

The hound barely misses you.
The orc warrior throws an exploding tomahawk.
The exploding tomahawk barely misses you.
The exploding tomahawk explodes!
The explosion of tomahawk fragments engulfs the black bear.
The orc wizard closely misses you.
You hear a shout!
A gnoll and an orc come into view.
Unknown command.
The hound bites you but does no damage.
Found an escape hatch in the ceiling.
Unknown command.
The orc wizard gestures wildly while chanting.
The orc wizard seems to speed up.
Unknown command.
The black bear bites you!
Ouch! That really hurt!
* * * LOW HITPOINT WARNING * * *
The black bear closely misses you. The black bear claws you.
You die...

### ######.. #
#...... ##<#
#....# .##
#....###....##....
........hg........
.......@ho.g......
#.....#####o#..##.
..... o.. # .#..
.o... #. ...(...
.. ..##### # ###


You could see an orc warrior, a black bear, a hound, an orc wizard and 2 gnolls.

Vanquished Creatures
  2 bats
  2 giant cockroaches (D:1)
  A goblin (D:3)
  A hobgoblin (D:3)
  2 kobolds (D:2)
  2 frilled lizards (D:2)
  A rat (D:2)
11 creatures vanquished.

Notes
Turn   | Place    | Note
-------+----------+-------------------------------------------
     0 | D:1      | letownia2 the Tengu Wizard began the quest for the Orb.
     0 | D:1      | Reached XP level 1. HP: 10/10 MP: 5/5
   122 | D:2      | Found an iron altar of Okawaru.
   193 | D:2      | Reached XP level 2. HP: 8/15 MP: 5/7
   247 | D:3      | Learned a level 2 spell: Call Imp
   250 | D:3      | You fall through a shaft for 3 floors!
   250 | D:6      | Noticed a black bear
   250 | D:6      | Noticed an orc warrior
   254 | D:6      | Slain by a black bear

Skill      XL: |  1  2 |
---------------+-------+-----
Conjurations   | 2 3 |  3.1
Dodging        | |  2.1
Stealth        | |  2.0
Spellcasting   | |  3.0
Summonings     | |  1.2
Translocations | |  0.7

Action                   || total
-------------------------++-------
Melee: Unarmed           ||     8
       Dagger            ||     8
       Peck              ||     3
       Kick              ||     5
 Cast: Magic Dart        ||    21
Armor: Robe              ||     5
Dodge: Dodged            ||    25
